 Dungeon Crawl Stone Soup version 0.21.1-1-g345015f (webtiles) character file.

1817845 dstrtn the Champion of Chaos (level 27, 277/277 HPs)
             Began as a Deep Dwarf Skald on Feb 12, 2018.
             Was the Champion of Makhleb.
             Escaped with the Orb
             ... and 3 runes!
             The game lasted 05:08:59 (61516 turns).

dstrtn the Champion of Chaos (Deep Dwarf Skald)    Turns: 61516, Time: 05:09:00

Health: 277/277    AC: 46    Str: 26    XL:     27
Magic:  44/44      EV: 17    Int: 12    God:    Makhleb [******]
Gold:   1904       SH: 42    Dex: 15    Spells: 20/34 levels left

rFire    + + .     SeeInvis +   L - +6 eveningstar (freeze)
rCold    + . .     Gourm    .   U - +10 large shield of Ignorance {rN+ Int-4}
rNeg     + + +     Faith    .   S - +12 gold dragon scales
rPois    +         Spirit   .   (helmet restricted)
rElec    +         Reflect  +   w - +1 cloak of Starlight {rElec rC+ EV+4 Stlth--}
rCorr    .         Harm     .   q - +2 pair of gloves {archery}
MR       +++++                  o - +2 pair of boots of Bolamom {MP+9 Str+3}
Stlth    ..........             u - brooch of Shielding {Reflect SH+8}
HPRegen  0.00/turn              T - ring of Lieppes {Fire rN+ MR+}
MPRegen  0.29/turn              i - ring of see invisible

@: non-regenerating
A: damage resistance, heal wounds, fangs 1, horns 1, molten scales 1, negative
energy resistance 1, sense surroundings 3, electricity resistance, no
regeneration
0: Orb of Zot
}: 3/15 runes: decaying, serpentine, silver
a: Heal Wounds, Minor Destruction, Lesser Servant of Makhleb, Major Destruction,
Greater Servant of Makhleb, Renounce Religion


You escaped.
You worshipped Makhleb.
Makhleb was exalted by your worship.
You were very full.

You visited 9 branches of the dungeon, and saw 47 of its levels.
You also visited: Labyrinth, Ossuary and Wizlab.

You collected 6616 gold pieces.
You spent 4712 gold pieces at shops.

Inventory:

Hand Weapons
 a - the +8 morningstar "Qarphyveu" {vamp, +Blink Str+4 Int+4}
   (You bought it in a shop on level 2 of the Orcish Mines)

   It inflicts no extra harm, but heals its wielder when it wounds a living foe.
   It affects your strength (+4).
   It affects your intelligence (+4).
   It lets you blink.
 L - a +6 eveningstar of freezing (weapon)
Missiles
 y - 5 throwing nets (quivered) {!f}
Armour
 o - the +2 pair of boots of Bolamom (worn) {MP+9 Str+3}
   (You found it on level 5 of the Vaults)

   It affects your strength (+3).
   It affects your magic capacity (+9).
 q - a +2 pair of gloves of archery (worn)
 w - the +1 cloak of Starlight (worn) {rElec rC+ EV+4 Stlth--}
   (You found it in a wizard's laboratory)

   It affects your evasion (+4).
   It protects you from cold.
   It insulates you from electricity.
   It makes you much less stealthy.
 B - a +2 helmet
 S - +12 gold dragon scales (worn)
 U - the +10 large shield of Ignorance (worn) {rN+ Int-4}
   (You found it on level 1 of the Orcish Mines)

   It affects your intelligence (-4).
   It protects you from negative energy.
Jewellery
 f - an uncursed ring of protection from fire
 i - a ring of see invisible (right hand)
 u - the brooch of Shielding (around neck) {Reflect SH+8}
   (You found it on level 3 of the Vaults)

   [amulet of reflection]

   It shields you and reflects attacks.
   It affects your SH (+8).
 z - the ring of Abstinence {rN+ MR+ MP+9 Int+7 Slay+2}
   (You bought it in a shop on level 3 of the Vaults)

   [ring of magical power]

   It affects your intelligence (+7).
   It affects your accuracy and damage with ranged weapons and melee attacks
   (+2).
   It protects you from negative energy.
   It affects your resistance to hostile enchantments.
   It affects your magic capacity (+9).
 J - an uncursed ring of resist corrosion
 T - the ring of Lieppes (left hand) {Fire rN+ MR+}
   (You acquired it on level 2 of the Depths)

   [ring of fire]

   It enhances your fire magic.
   It protects you from fire.
   It makes you vulnerable to cold.
   It protects you from negative energy.
   It affects your resistance to hostile enchantments.
Wands
 j - a wand of scattershot (5)
 C - a wand of acid (31)
 E - a wand of enslavement (47)
 I - a wand of iceblast (13)
 P - a wand of paralysis (13)
 V - a wand of digging (53)
Scrolls
 b - 6 scrolls of fog
 e - 2 scrolls of vulnerability {!r}
 k - 3 scrolls of summoning
 r - 6 scrolls of holy word
 t - 6 scrolls of blinking
 M - 14 scrolls of identify {@r1}
 O - 4 scrolls of silence
 Q - 19 scrolls of teleportation
 R - 12 scrolls of fear
Potions
 g - a potion of might
 h - 21 potions of curing {@q1}
 l - 3 potions of berserk rage
 n - 10 potions of lignification {!q}
 p - 13 potions of heal wounds
 s - 2 potions of haste {!q}
 v - 3 potions of mutation {!q}
 x - 4 potions of ambrosia
 D - 2 potions of cancellation {!q}
 F - 5 potions of flight
 G - 8 potions of agility
 H - 4 potions of resistance {!q}
 K - 3 potions of magic
 Y - 6 potions of brilliance
 Z - 4 potions of invisibility {!q}
Miscellaneous
 c - a fan of gales
 m - a lightning rod (4/4) {!a}
 A - 3 boxes of beasts
 N - 2 phantom mirrors
 W - a phial of floods
 X - a lamp of fire
Comestibles
 d - 81 rations


   Skills:
 + Level 22.0 Fighting
   Level 9.3(13.3) Axes
 - Level 14.2(16.0) Maces & Flails
   Level 9.2(12.3) Staves
 - Level 18.5 Armour
 - Level 15.4 Dodging
 - Level 20.2 Shields
 - Level 4.0 Spellcasting
 - Level 2.0 Hexes
 - Level 3.0 Charms
 - Level 9.0 Summonings
 - Level 1.0 Translocations
 - Level 8.0 Transmutations
 - Level 14.0 Earth Magic
 - Level 24.0 Invocations
 - Level 15.0 Evocations


You had 20 spell levels left.
You knew the following spells:

 Your Spells              Type           Power        Failure   Level  Hunger
a - Infusion              Chrm           #...         88%         1    #......
b - Summon Butterflies    Summ           ###.....     16%         1    #......
l - Blink                 Tloc           N/A          100%        2    ##.....
p - Apportation           Tloc           #.....       99%         1    #......
s - Shroud of Golubria    Chrm/Tloc      #.........   99%         2    ##.....
w - Passwall              Tmut/Erth      ####......   11%         2    ##.....
S - Song of Slaying       Chrm           #.......     96%         2    ##.....
W - Spectral Weapon       Hex/Chrm       #.......     100%        3    ###....


Dungeon Overview and Level Annotations

Branches:
Dungeon (15/15)            Temple (1/1) D:5            Lair (6/6) D:9
  Swamp (4/4) Lair:2        Snake (4/4) Lair:3        Slime (0/5) Lair:6
    Orc (2/2) D:9             Elf (0/3) Orc:2        Vaults (5/5) D:13
  Crypt (0/3) Vaults:2     Depths (5/5) D:15            Zot (5/5) Depths:5

Altars:
Ashenzari
Cheibriados
Dithmenos
Elyvilon
Fedhas
Gozag
Hepliaklqana
Kikubaaqudgha
Makhleb
Nemelex Xobeh
Okawaru
Qazlal
Ru
Sif Muna
Trog
Vehumet
Wu Jian
Xom
Yredelemnul
Zin
The Shining One
Beogh
Jiyva

Shops:
D:12 *   D:13 =   D:14 ?   Orc:2 %(*:   Vaults:2 ?   Vaults:3 (=   Vaults:4 (
Depths:4 :?

Portals:
Hell: Depths:1 Depths:2 Depths:3 Depths:4
Abyss: Depths:3 Depths:4
Pandemonium: Orc:2 Depths:3
Ziggurat: Depths:1
Trove: D:11 (give 13 potions of heal wounds)

Annotations:
D:2 exclusion: 2 downstairs
D:3 Sigmund
D:5 Forevrfaint's ghost, novice TrMo
D:6 exclusion: downstairs
D:8 ! gastronok, Gastronok
Orc:1 1 runed door crystal statues, exclusion: orange crystal statue


Innate Abilities, Weirdness & Mutations

You are resistant to damage.
You can heal yourself by infusing magical energy.
You resist negative energy. (rN+)
You passively map a large area around you.
You do not regenerate.
You have very sharp teeth.
You have a pair of small horns on your head.
You are partially covered in molten scales. (AC +2)
You are resistant to electric shocks. (rElec)


Message History

Press: ? - help, Shift-Dir - straight line Tha rock shatters inta small pieces.
A red devil comes inta view.
It be wieldin' a trident.
Tha red devil hops backward while attackin'.
Ye block tha red devil's attack.
Ye hit tha red devil.
Ye freeze tha red devil.
Tha red devil be moderately wounded.
Ye block tha red devil's attack.
Tha red devil hops backward while attackin'.
Ye block tha red devil's attack.
Thar be a staircase leadin' outta tha dungeon 'ere.
Evoke which item? (* ta show all) (? fer menu, 'sc ta quit) Aimin': Scattershot
Press: ? - help, Shift-Dir - straight line, f - red devil
Aim: a red devil, wieldin' a trident (moderately wounded) Tha burst o' metal fragmn'ts hits tha red devil. x3
Ye kill tha red devil!
Makhleb accepts yer kill.
Ye feel better.
Ye haf 'scaped!

#.# #.# #.##
#.# ##.## #.#
##.## #.# ##.##
#.# ##.## #.#
##.## #.#
##.###### #.#
##.#8@8#####.#
##.........##.#
#8....)....8#.#
#...........#.#
#8.........8#.#
##.....)...##.#
#.........##.#
#####'######.#
#........#


There were no monsters in sight!

Vanquished Creatures
  3 orbs of fire (Zot:5)
  5 ancient liches
  Boris (Depths:4)
  Bai Suzhen (Snake:3)
  the Lernaean hydra (Swamp:4)
  Xtahua (Vaults:4)
  A curse toe (Zot:5)
  7 Killer Klowns
  2 caustic shrikes (Depths:5)
  8 golden dragons
  the Enchantress (Depths:5)
  A bone dragon (Depths:5)
  Jory (Depths:4)
  4 electric golems
  Jorgrun (Snake:3)
  15 tentacled monstrosities
  25 Orb Guardians (Zot:5)
  6 liches
  8 quicksilver dragons
  2 titans
  An acid blob (shapeshifter) (Depths:2)
  6 sphinxes
  An eldritch tentacle (WizLab)
  A tentacled starspawn (WizLab)
  A sphinx (shapeshifter) (Vaults:5)
  8 death cobs
  An Executioner (Zot:2)
  4 thorn hunters
  Donald (Snake:2)
  13 shadow dragons
  6 storm dragons
  11 nagarajas
  7 draconian monks
  4 draconian knights
  6 tengu reavers
  6 fire giants
  11 frost giants
  3 deep elf sorcerers
  Aizul (Swamp:4)
  3 ghost moths
  3 balrugs (Zot:3)
  21 vault wardens
  A curse skull (Depths:3)
  2 iron dragons
  9 draconian scorchers
  A ghoul (Swamp:3)
  A deep elf elementalist (Vaults:5)
  7 draconian shifters
  16 ironheart preservers
  7 draconian stormcallers
  20 stone giants
  9 draconian annihilators
  51 very ugly things
  5 vampire knights
  An entropy weaver (Vaults:5)
  4 spriggan defenders
  12 green draconians
  A lorocyproca (Zot:3)
  3 deep elf demonologists (Depths:3)
  17 red draconians
  7 deep elf annihilators
  10 black draconians
  7 yellow draconians
  8 white draconians
  10 purple draconians
  A spark wasp (shapeshifter) (Vaults:5)
  4 spark wasps (Depths:5)
  A merfolk javelineer (Depths:1)
  3 deep elf death magi
  19 ettins
  Snorg (Lair:6)
  2 crystal guardians (Vaults:4)
  3 jiangshi (Depths:3)
  10 ogre magi
  Josephine (D:15)
  27 yaktaur captains
  A deep elf high priest (Vaults:5)
  10 fire dragons
  A minotaur (Lab)
  Fannar (Lair:1)
  A hydra (shapeshifter) (Vaults:5)
  7 ice dragons
  10 great orbs of eyes
  5 rakshasas
  30 vault guards
  The ghost of pk666 the Thaumaturge, a journeyman DEWz of Vehumet (D:11)
  2 ghost crabs
  22 hydras
  15 naga warriors
  7 spriggan air magi
  A merfolk avatar (Lair:6)
  5 death knights
  13 centaur warriors
  9 alligators
  8 anacondas
  32 two-headed ogres
  15 deep troll shamans
  A death yak (shapeshifter) (Zot:3)
  9 deep troll earth magi
  2 vampire magi
  A dancing weapon (Vaults:5)
  5 shock serpents (Snake:4)
  5 deep elf knights
  12 naga sharpshooters
  A titan zombie (Vaults:4)
  7 spriggan berserkers
  10 tengu warriors
  9 soul eaters
  A fire crab (shapeshifter) (D:13)
  5 orc high priests (Orc:2)
  5 hell knights
  A shadow wraith (Vaults:5)
  A sun demon (Orc:2)
  2 unseen horrors
  9 iron trolls
  A sixfirhy (WizLab)
  9 skeletal warriors
  39 deep trolls
  2 salamander mystics
  An unseen horror (shapeshifter) (Vaults:3)
  An infernal demonspawn (Orc:2)
  A storm dragon skeleton (Vaults:3)
  A glowing orange brain (shapeshifter) (Vaults:5)
  A sea snake (Lair:6)
  11 swamp dragons
  2 spriggan druids
  2 shambling mangroves
  2 glowing orange brains
  4 flayed ghosts
  A deep troll (shapeshifter) (Depths:5)
  A gelid demonspawn (Orc:2)
  A golden dragon skeleton (D:15)
  15 wizards
  16 ironbrand convokers
  6 naga ritualists
  4 phantasmal warriors
  A lindwurm (Lair:4)
  4 deep elf archers
  8 necromancers
  A wolf spider zombie (D:13)
  20 orc knights
  An obsidian statue (WizLab)
  Pikel (D:8)
  A mana viper (shapeshifter) (D:14)
  4 mana vipers
  9 deep elf magi
  78 ugly things
  An oklob plant (Lair:5)
  2 orb spiders (Zot:3)
  A moth of wrath (shapeshifter) (Vaults:4)
  A tengu skeleton (Depths:2)
  13 salamanders
  A sphinx skeleton (Vaults:3)
  2 wolf spiders
  6 cyclopes
  A stone giant zombie (Vaults:3)
  A cyclops (shapeshifter) (D:14)
  2 worldbinders (WizLab)
  14 orc sorcerers
  15 moths of wrath
  A salamander (shapeshifter) (Vaults:3)
  A shadow dragon skeleton (Vaults:3)
  2 elephants (shapeshifter)
  A fire giant zombie (Vaults:4)
  A frost giant skeleton (Depths:2)
  19 black mambas
  10 apocalypse crabs
  A spriggan zombie (D:15)
  6 guardian serpents
  A manticore (D:13)
  16 naga magi
  A guardian serpent (shapeshifter) (Depths:2)
  7 elephants
  2 stone giant skeletons
  11 vault sentinels
  Joseph (Lair:1)
  A gargoyle (D:14)
  A rust devil (Orc:2)
  2 orange demons
  A spiny frog (shapeshifter) (Vaults:3)
  19 spiny frogs
  2 smoke demons
  2 centaur skeletons
  5 rime drakes (Lair:6)
  2 demonspawn skeletons (WizLab)
  A hellion (WizLab)
  A kobold demonologist (D:13)
  6 freezing wraiths
  74 yaktaurs
  3 ice devils
  A red devil (D:1)
  A spark wasp simulacrum (Depths:2)
  12 komodo dragons
  4 harpy zombies (Zot:3)
  An ancient zyme (WizLab)
  A tengu conjurer (Depths:2)
  A silent spectre (Depths:3)
  Grum (D:8)
  A troll (shapeshifter) (Vaults:4)
  8 trolls
  A queen bee (Depths:2)
  3 polar bears (Lair:6)
  A hornet (shapeshifter) (Vaults:4)
  8 tyrant leeches
  61 slime creatures
  A blink frog (shapeshifter) (Depths:5)
  A harpy skeleton (D:14)
  10 hippogriffs
  23 hornets
  A sphinx simulacrum (Vaults:3)
  9 blink frogs
  2 raiju (Zot:3)
  A hippogriff (shapeshifter) (Vaults:2)
  11 bog bodies
  A stone giant simulacrum (Vaults:4)
  5 air elementals
  A centaur simulacrum (D:15)
  9 shadows
  5 wraiths
  2 redbacks (Vaults:5)
  15 spriggans
  A ynoxinul (Orc:2)
  4 wyverns
  2 redbacks (shapeshifter)
  A basilisk (Lair:2)
  11 water elementals
  A fire dragon skeleton (D:15)
  17 yaks
  A fire elemental (WizLab)
  2 chaos spawn
  20 vampire mosquitoes
  4 spatial vortices (WizLab)
  A tengu zombie (D:15)
  A naga (shapeshifter) (Vaults:5)
  2 soldier ants
  26 swamp worms
  3 acid dragons
  50 nagas
  9 insubstantial wisps
  8 wargs
  15 water moccasins
  A hell hound (WizLab)
  A floating eye (Depths:3)
  13 porcupines
  16 swamp drakes
  A slave (D:8)
  44 orc warriors
  3 sky beasts
  5 ice beasts
  4 necrophages
  5 black bears
  3 wolves
  33 ogres
  10 boggarts
  23 centaurs
  14 crocodiles
  2 human zombies (Vaults:3)
  Blork the orc (D:4)
  26 bullfrogs
  5 human skeletons
  A hornet simulacrum (Vaults:1)
  A wyvern skeleton (D:13)
  A scorpion (shapeshifter) (Zot:3)
  7 scorpions
  32 killer bees
  3 human simulacra
  17 wights
  9 howler monkeys
  7 crimson imps
  The ghost of batai666 the Digger, a weakling GrEE of Vehumet (D:4)
  7 hounds
  A quasit (Depths:3)
  6 centaur zombies
  26 orc wizards
  41 orc priests
  7 jellies
  Jessica (D:2)
  4 iguanas
  3 hell rats (Lair:2)
  6 worker ants
  A small abomination (WizLab)
  A killer bee zombie (D:10)
  3 big kobold zombies (Ossuary)
  2 hound zombies
  A hound skeleton (D:7)
  4 mummies (Ossuary)
  A howler monkey zombie (D:7)
  4 gnolls (D:2)
  17 adders
  7 river rats (Lair:2)
  3 shadow imps
  An ufetubus (Vaults:2)
  4 oozes (Lair:6)
  4 leopard geckos
  104 orcs
  A ball python (D:1)
  14 bats
  7 giant cockroaches
  5 goblins
  6 hobgoblins
  6 jackals
  10 kobolds
  4 quokkas
  2 frilled lizards (D:1)
  2 giant cockroach zombies
  A hobgoblin zombie (Ossuary)
  A quokka zombie (D:4)
  16 rats
  A rat zombie (D:4)
  2 butterflies
  4 fungi
  6 plants
  A starspawn tentacle (WizLab)
2304 creatures vanquished.

Vanquished Creatures (collateral kills)
  Saint Roka (Vaults:3)
  A storm dragon (Vaults:3)
  2 hydras (Swamp:4)
  A necromancer (D:15)
  A mana viper (Snake:4)
  A salamander (Snake:4)
  2 naga magi (Snake:4)
  A kobold demonologist (D:11)
  A freezing wraith (D:15)
  A hippogriff (D:11)
  A slime creature (D:11)
  2 wraiths (D:15)
  2 yaks (D:10)
  2 nagas (Snake:4)
  A jelly (D:7)
  4 orc warriors (Vaults:3)
  A killer bee (D:8)
  A hound (D:7)
  An adder zombie (D:7)
  4 orcs
  A quokka skeleton (D:7)
32 creatures vanquished.

Vanquished Creatures (others)
  2 caustic shrikes (Depths:5)
  A golden dragon (Zot:1)
  A death cob (Zot:2)
  A fire giant (Depths:1)
  A vault warden (Vaults:5)
  2 stone giants
  A green draconian (Zot:5)
  A yellow draconian (Zot:5)
  A merfolk javelineer (Depths:2)
  A fire dragon (Depths:5)
  3 yaktaur captains
  A spriggan air mage (Depths:5)
  3 centaur warriors
  A shock serpent (Snake:2)
  A shadow wraith (Vaults:1)
  An unseen horror (Vaults:1)
  An ugly thing (Zot:3)
  An orb spider (Zot:3)
  A salamander (Depths:5)
  3 moths of wrath (Zot:5)
  14 yaktaurs
  A slime creature (Swamp:3)
  2 spriggans (Swamp:4)
  A human (Depths:3)
  A vampire mosquito (Swamp:4)
  A swamp drake (Swamp:4)
  3 slaves (D:8)
  An ogre (Vaults:5)
  4 centaurs
  A boggart (Zot:3)
  A wolf (D:8)
  3 killer bees (D:7)
  A mummy (Ossuary)
  An orc (Vaults:3)
  A giant cockroach (D:6)
  A quokka (D:6)
  A bush (Depths:1)
  4 fungi
  26 plants
  3 spectral weapons
  4 starspawn tentacles (WizLab)
  25 withered plants (Swamp:3)
128 creatures vanquished.

Grand Total: 2464 creatures vanquished

Notes
Turn   | Place    | Note
-------+----------+-------------------------------------------
     0 | D:1      | dstrtn the Deep Dwarf Skald began the quest for the Orb.
     0 | D:1      | Reached XP level 1. HP: 19/19 MP: 3/3
   147 | D:1      | Reached XP level 2. HP: 26/26 MP: 1/4
   153 | D:1      | Learned a level 2 spell: Shroud of Golubria
   953 | D:2      | Reached XP level 3. HP: 32/32 MP: 3/6
  1312 | D:2      | Noticed a phantom
  1410 | D:2      | Reached skill level 1 in Translocations
  1571 | D:2      | Noticed Jessica
  1580 | D:2      | Killed Jessica
  1580 | D:2      | Reached XP level 4. HP: 30/40 MP: 2/7
  1649 | D:2      | Learned a level 3 spell: Spectral Weapon
  1783 | D:2      | Found a sparkling altar of Nemelex Xobeh.
  2378 | D:3      | Noticed Sigmund
  2525 | D:2      | Reached XP level 5. HP: 32/48 MP: 2/8
  2577 | D:2      | Learned a level 2 spell: Song of Slaying
  2826 | D:3      | Found a faded altar of an unknown god.
  2960 | D:4      | Reached skill level 5 in Axes
  3028 | D:4      | Noticed batai666's ghost (weakling GrEE)
  3142 | D:4      | Found a sand-covered staircase.
  3163 | Ossuary  | Entered an ossuary
  3190 | Ossuary  | HP: 13/49 [mummy (10)]
  3197 | Ossuary  | HP: 15/49 [mummy (9)]
  3246 | Ossuary  | Reached XP level 6. HP: 48/56 MP: 6/8
  3906 | D:4      | Killed batai666's ghost
  3906 | D:4      | Reached skill level 1 in Evocations
  4143 | D:4      | Reached XP level 7. HP: 44/63 MP: 0/9
  4193 | D:4      | Noticed Blork the orc
  4197 | D:4      | Killed Blork the orc
  4267 | D:5      | Entered Level 5 of the Dungeon
  4633 | D:5      | Found a staircase to the Ecumenical Temple.
  4653 | Temple   | Entered the Ecumenical Temple
  4744 | Temple   | Became a worshipper of Makhleb the Destroyer
  4948 | D:5      | Noticed Forevrfaint's ghost (novice TrMo)
  5109 | D:5      | Got an iridescent quarterstaff
  5127 | D:5      | Identified the +5 quarterstaff "Cykasiuq" {crush, rElec rPois rN+ Str+2} (You found it on level 5 of the Dungeon)
  5290 | D:5      | Reached skill level 1 in Staves
  5320 | D:5      | Got a creamy pearl robe
  5708 | D:5      | Reached XP level 8. HP: 34/73 MP: 10/10
  5873 | D:6      | Got a pitted leather armour
  5893 | D:5      | Identified the +1 leather armour of Cuasoif {+Blink Regen+ Str-4 Int+4} (You found it on level 6 of the Dungeon)
  5942 | D:6      | Identified the +1 robe of Insurance {rN+ Str+2} (You took it off an orc on level 5 of the Dungeon)
  6205 | D:6      | Reached skill level 1 in Hexes
  6370 | D:6      | Found a hazy altar of Hepliaklqana.
  6396 | D:6      | Reached skill level 5 in Staves
  6514 | D:6      | Found a white marble altar of Elyvilon.
  6524 | D:6      | HP: 24/73 [orc warrior/scimitar (17)]
  6966 | D:7      | Reached * piety under Makhleb
  7043 | D:7      | Found a stormy altar of Qazlal.
  7084 | D:7      | Gained mutation: You passively map the area around you. [Deep Dwarf growth]
  7084 | D:7      | Reached XP level 9. HP: 68/79 MP: 0/10
  7353 | D:7      | Reached skill level 5 in Evocations
  7513 | D:7      | Identified the Disquisition on Earthen Evil Rites
  7518 | D:7      | Learned a level 2 spell: Passwall
  7668 | D:7      | Reached skill level 1 in Invocations
  7685 | D:7      | Reached skill level 2 in Invocations
  7706 | D:7      | Reached ** piety under Makhleb
  7807 | D:8      | Noticed Grum
  7809 | D:8      | Reached skill level 3 in Invocations
  7814 | D:8      | HP: 19/79 [Grum/spear (11)]
  7818 | D:8      | Killed Grum
  7818 | D:8      | Reached skill level 4 in Invocations
  7850 | D:8      | Reached skill level 5 in Fighting
  7995 | D:8      | Noticed Pikel
  8004 | D:8      | Killed Pikel
  8004 | D:8      | Reached skill level 5 in Invocations
  8010 | D:8      | Noticed Gastronok
  8572 | D:9      | Reached XP level 10. HP: 73/88 MP: 6/11
  8647 | D:9      | Found a shadowy altar of Dithmenos.
  8793 | D:9      | Found a staircase to the Orcish Mines.
  8851 | D:9      | Reached skill level 6 in Invocations
  8899 | D:9      | Noticed a two-headed ogre
  8903 | D:9      | Killed a two-headed ogre
  8997 | D:9      | Found a staircase to the Lair.
  9366 | D:10     | Entered Level 10 of the Dungeon
  9653 | D:10     | Reached skill level 7 in Invocations
  9837 | D:10     | HP: 29/91 [centaur/arrow (10)]
 10119 | D:10     | Reached *** piety under Makhleb
 10467 | D:11     | Found a portal to a secret trove of treasure.
 10567 | D:11     | Reached XP level 11. HP: 99/99 MP: 6/12
 10618 | D:11     | Reached skill level 5 in Dodging
 10691 | D:11     | Learned a level 1 spell: Summon Butterflies
 10721 | D:11     | Noticed a five-headed hydra
 10750 | D:11     | Killed a five-headed hydra
 10804 | D:11     | Reached skill level 8 in Invocations
 10814 | D:11     | Found a labyrinth entrance.
 10819 | Lab      | Entered a labyrinth
 10906 | Lab      | Noticed a minotaur
 10913 | Lab      | HP: 27/99 [minotaur/short sword of speed (7)]
 10919 | Lab      | HP: 30/99 [minotaur/short sword of speed (7)]
 10932 | Lab      | HP: 28/99 [minotaur/short sword of speed (22)]
 10945 | Lab      | Killed a minotaur
 10999 | Lab      | Found the +6 shillelagh "Devastator" {shatter}
 11361 | D:11     | Noticed a sixfirhy
 11428 | D:11     | Noticed a red ugly thing
 11436 | D:11     | Killed a red ugly thing
 11436 | D:11     | Reached skill level 1 in Maces & Flails
 11436 | D:11     | Reached skill level 1 in Shields
 11658 | D:11     | Noticed pk666's ghost (journeyman DEWz)
 11690 | D:11     | Killed pk666's ghost
 11955 | Lair:1   | Entered Level 1 of the Lair of Beasts
 11985 | Lair:1   | Reached skill level 9 in Invocations
 12064 | Lair:1   | Noticed a five-headed hydra
 12070 | Lair:1   | Killed a five-headed hydra
 12222 | Lair:1   | Noticed Fannar
 12229 | Lair:1   | Noticed Joseph
 12236 | Lair:1   | Killed Fannar
 12249 | Lair:1   | Killed Joseph
 12249 | Lair:1   | Reached XP level 12. HP: 108/109 MP: 14/14
 12885 | Lair:2   | Reached **** piety under Makhleb
 13218 | Lair:2   | Found a staircase to the Swamp.
 13546 | Lair:3   | Reached skill level 5 in Maces & Flails
 13889 | Lair:3   | Found a staircase to the Snake Pit.
 13967 | Lair:3   | Reached skill level 10 in Invocations
 13972 | Lair:3   | Got a pitted leather armour
 14014 | Lair:3   | Identified the cursed +1 leather armour of Courage {rF- rN++} (You found it on level 3 of the Lair of Beasts)
 14655 | Lair:4   | Reached skill level 5 in Armour
 14801 | Lair:4   | Identified a scroll of acquirement
 15262 | Lair:5   | Noticed a six-headed hydra
 15270 | Lair:5   | Killed a six-headed hydra
 15356 | Lair:5   | Noticed an eight-headed hydra
 15367 | Lair:5   | Killed an eight-headed hydra
 15502 | Lair:5   | Reached ***** piety under Makhleb
 15576 | Lair:5   | Noticed an eight-headed hydra
 15580 | Lair:5   | Killed an eight-headed hydra
 15580 | Lair:5   | Reached XP level 13. HP: 118/118 MP: 15/17
 15819 | Lair:6   | Entered Level 6 of the Lair of Beasts
 15905 | Lair:6   | Found a runed door.
 15906 | Lair:6   | Found a viscous altar of Jiyva.
 15906 | Lair:6   | Found a staircase to the Slime Pits.
 16011 | Lair:6   | Reached skill level 11 in Invocations
 16303 | Lair:6   | Noticed Snorg
 16311 | Lair:6   | Killed Snorg
 16342 | Lair:6   | Reached skill level 12 in Invocations
 16586 | Lair:6   | Got a brightly glowing plate armour
 16648 | Lair:6   | Identified the +8 plate armour of Greed {rPois rF+} (You found it on level 6 of the Lair of Beasts)
 17353 | D:12     | Reached skill level 10 in Evocations
 17735 | D:12     | Reached skill level 13 in Invocations
 17815 | D:12     | Found Giemyuqa's General Store.
 17822 | D:12     | Bought a potion of degeneration for 11 gold pieces
 17822 | D:12     | Bought a potion of ambrosia for 88 gold pieces
 17822 | D:12     | Bought a scroll of identify for 22 gold pieces
 18108 | Orc:1    | Entered Level 1 of the Orcish Mines
 18136 | Orc:1    | Found a runed door.
 18153 | Orc:1    | Found the +10 large shield of Ignorance {rN+ Int-4}
 18172 | Orc:1    | Found a runed door.
 18244 | Orc:1    | Reached ****** piety under Makhleb
 18356 | Orc:1    | Gained mutation: You resist negative energy. (rN+) [Deep Dwarf growth]
 18356 | Orc:1    | Reached XP level 14. HP: 109/129 MP: 19/19
 18626 | Orc:2    | Entered Level 2 of the Orcish Mines
 19010 | Orc:2    | Found a roughly hewn altar of Beogh.
 19071 | Orc:2    | Found a staircase to the Elven Halls.
 19365 | Orc:2    | Found Doiceosk's General Store.
 19412 | Orc:2    | Reached skill level 14 in Invocations
 19479 | Orc:2    | Found Hiuf's Food Shoppe.
 19581 | Orc:2    | Bought a scroll of identify for 34 gold pieces
 19581 | Orc:2    | Bought a potion of resistance for 170 gold pieces
 19692 | Orc:2    | Reached skill level 10 in Fighting
 19782 | Orc:2    | Found Xuekaf's Antique Weapon Boutique.
 19782 | Orc:2    | Found Qiyckess's Book Shop.
 19782 | Orc:2    | Found a one-way gate leading to the halls of Pandemonium.
 19977 | Orc:2    | Bought a book of Party Tricks for 650 gold pieces
 19979 | Orc:2    | Learned a level 1 spell: Apportation
 20024 | Orc:2    | Bought a potion of agility for 68 gold pieces
 20424 | D:13     | Reached skill level 15 in Invocations
 20440 | D:13     | Reached skill level 5 in Shields
 20615 | D:13     | Found Hiuduuh's Jewellery Boutique.
 20627 | D:13     | Bought an uncursed ring of protection from magic for 375 gold pieces
 20916 | D:13     | Reached skill level 10 in Maces & Flails
 20927 | D:13     | Reached XP level 15. HP: 138/138 MP: 22/22
 20963 | D:13     | Found a gate to the Vaults.
 21446 | D:14     | Found Wedwel's Magic Scroll Boutique.
 21452 | D:14     | Bought a scroll of identify for 36 gold pieces
 21452 | D:14     | Bought a scroll of identify for 36 gold pieces
 21452 | D:14     | Bought a scroll of silence for 135 gold pieces
 21452 | D:14     | Bought a scroll of teleportation for 54 gold pieces
 21452 | D:14     | Bought a scroll of teleportation for 54 gold pieces
 21452 | D:14     | Bought a scroll of fear for 63 gold pieces
 21693 | D:14     | Found an opulent altar of Gozag.
 21806 | D:15     | Entered Level 15 of the Dungeon
 21893 | D:15     | Noticed Josephine
 21912 | D:15     | Killed Josephine
 22047 | D:15     | Found a staircase to the Depths.
 22100 | D:15     | Reached skill level 16 in Invocations
 22734 | D:15     | Reached skill level 10 in Shields
 23006 | Orc:2    | Bought a shimmering morningstar for 297 gold pieces
 23006 | Orc:2    | Identified the +8 morningstar "Qarphyveu" {vamp, +Blink Str+4 Int+4} (You bought it in a shop on level 2 of the Orcish Mines)
 23224 | Swamp:1  | Entered Level 1 of the Swamp
 23258 | Swamp:1  | Paralysed by a hornet for 3 turns
 24429 | Swamp:2  | Reached XP level 16. HP: 147/147 MP: 24/24
 24617 | Swamp:3  | Noticed a thorn hunter
 24654 | Swamp:3  | Killed a thorn hunter
 25535 | Swamp:4  | Entered Level 4 of the Swamp
 25546 | Swamp:4  | Noticed a thorn hunter
 25572 | Swamp:3  | Killed a thorn hunter
 25630 | Swamp:4  | Noticed a thorn hunter
 25644 | Swamp:4  | Killed a thorn hunter
 25786 | Swamp:4  | Reached skill level 17 in Invocations
 26226 | Swamp:4  | Noticed Aizul
 26255 | Swamp:4  | Killed Aizul
 26307 | Swamp:4  | Noticed a thorn hunter
 26339 | Swamp:4  | Killed a thorn hunter
 26418 | Swamp:4  | Noticed the 27-headed Lernaean hydra
 26433 | Swamp:4  | Killed the 27-headed Lernaean hydra
 26534 | Swamp:4  | Reached XP level 17. HP: 157/157 MP: 25/25
 26552 | Swamp:4  | Got a decaying rune of Zot
 26783 | Snake:1  | Entered Level 1 of the Snake Pit
 28471 | Snake:2  | Noticed Donald
 28487 | Snake:2  | Killed Donald
 28935 | Snake:3  | Noticed Bai Suzhen
 28963 | Snake:3  | Killed Bai Suzhen
 28980 | Snake:3  | Noticed Jorgrun
 28993 | Snake:3  | Killed Jorgrun
 29272 | Snake:3  | Got an encrusted war axe
 29273 | Snake:3  | Identified the +8 war axe of the Blessed Realm {chop, *Rage rPois Str+3 Int+8} (You found it on level 3 of the Snake Pit)
 29616 | Snake:4  | Entered Level 4 of the Snake Pit
 29713 | Snake:4  | Reached skill level 18 in Invocations
 30367 | Snake:4  | Gained mutation: You passively map a large area around you. [Deep Dwarf growth]
 30367 | Snake:4  | Reached XP level 18. HP: 168/168 MP: 19/27
 30427 | Snake:4  | Reached skill level 15 in Shields
 30818 | Snake:4  | Got a serpentine rune of Zot
 31233 | Vaults:1 | Entered Level 1 of the Vaults
 31782 | Vaults:1 | Reached skill level 19 in Invocations
 31958 | Vaults:1 | Got an uncursed crystal dagger {speed}
 32876 | Vaults:2 | Reached XP level 19. HP: 178/178 MP: 28/28
 32963 | Vaults:2 | Found Fafots's Magic Scroll Shoppe.
 33181 | Vaults:2 | Reached skill level 10 in Armour
 33346 | Vaults:2 | HP: 57/178 [flayed ghost/flay_damage (19)]
 33585 | Vaults:2 | Found a staircase to the Crypt.
 34126 | Vaults:3 | Found Hunil Detis's Jewellery Boutique.
 34134 | Vaults:3 | Bought the ring of Abstinence {rN+ MR+ MP+9 Int+7 Slay+2} for 1018 gold pieces
 34500 | Vaults:3 | Found Ucuhywe's Weapon Emporium.
 35314 | Vaults:3 | Found the brooch of Shielding {Reflect SH+8}
 35609 | Vaults:3 | Reached XP level 20. HP: 155/190 MP: 29/29
 35692 | Vaults:3 | Noticed Saint Roka
 35723 | Vaults:3 | Killed Saint Roka
 36287 | Vaults:4 | Found a magical portal.
 36320 | WizLab   | Entered The Roulette of Golubria
 36320 | WizLab   | Found a transporter.
 36323 | WizLab   | Found a corrupted altar of Lugonu.
 36324 | WizLab   | Found the +1 cloak of Starlight {rElec rC+ EV+4 Stlth--}
 36371 | WizLab   | Found a transporter.
 36371 | WizLab   | Found a transporter.
 36391 | WizLab   | Found a transporter.
 36431 | WizLab   | Reached skill level 20 in Invocations
 36465 | WizLab   | Found a transporter.
 36494 | WizLab   | Found a transporter.
 36504 | WizLab   | Found a corrupted altar of Lugonu.
 36523 | WizLab   | Found a transporter.
 36542 | WizLab   | Reached skill level 10 in Dodging
 36569 | WizLab   | Found a transporter.
 36596 | WizLab   | Found a transporter.
 36656 | WizLab   | Found a transporter.
 36762 | WizLab   | Found a transporter.
 36803 | WizLab   | Found a transporter.
 36803 | WizLab   | Found a transporter.
 36851 | WizLab   | Found a transporter.
 36875 | WizLab   | Identified the Catalogue of Translocation
 36887 | WizLab   | Found a transporter.
 36887 | WizLab   | Found a transporter.
 36922 | WizLab   | Found a transporter.
 36922 | WizLab   | Found a transporter.
 37026 | WizLab   | Found a transporter.
 37057 | WizLab   | Identified the Volume of the Compass
 37099 | WizLab   | Learned a level 2 spell: Blink
 37100 | WizLab   | Got a faintly humming cloak
 37102 | WizLab   | Identified the cursed -5 cloak of the Zebra {rElec rC- Regen+ rCorr} (You found it in a wizard's laboratory)
 37109 | WizLab   | Got a twisted cloak
 37110 | WizLab   | Identified the cursed -2 cloak of Crawling {rElec} (You found it in a wizard's laboratory)
 37113 | WizLab   | Got a shimmering cloak
 37114 | WizLab   | Identified the cursed -2 cloak "Hozu" {SInv} (You found it in a wizard's laboratory)
 37373 | Vaults:4 | Noticed Xtahua
 37399 | Vaults:4 | Killed Xtahua
 37635 | Vaults:4 | Reached skill level 15 in Fighting
 38082 | Vaults:4 | Found Zohorch's Antique Weapon Boutique.
 38513 | Vaults:4 | Reached XP level 21. HP: 201/201 MP: 31/31
 38951 | Depths:1 | Entered Level 1 of the Depths
 39349 | Depths:1 | Found a gateway to Hell.
 39930 | Depths:1 | Found a gateway to a ziggurat.
 39973 | Depths:1 | Found a shimmering altar of Xom.
 40522 | Depths:2 | Reached skill level 21 in Invocations
 41155 | Depths:2 | Reached XP level 22. HP: 214/214 MP: 32/32
 41532 | D:13     | Bought an uncursed ring of resist corrosion for 300 gold pieces
 41715 | Depths:2 | Found a runed door.
 41730 | Depths:2 | Got a polished broad axe
 41731 | Depths:2 | Identified the +6 broad axe "Mud Pie of Death" {freeze, +Rage} (You found it on level 2 of the Depths)
 42142 | Depths:2 | Noticed a golden dragon
 42142 | Depths:2 | an iron giant changed into a golden dragon
 42146 | Depths:2 | a golden dragon changed into a shadow dragon
 42150 | Depths:2 | Noticed a caustic shrike
 42150 | Depths:2 | an acid blob changed into a caustic shrike
 42154 | Depths:2 | a caustic shrike changed into a shadow dragon
 42356 | Depths:2 | Reached skill level 15 in Evocations
 42447 | Depths:2 | Got a pitted plate armour
 42458 | Depths:2 | Identified the +1 plate armour "Usof" {rPois rN++ MR+ Dex+3} (You found it on level 2 of the Depths)
 42479 | Depths:2 | Got a translucent plate armour
 42490 | Depths:2 | Identified the +0 plate armour "Motoekewe" {rN+ Slay+2} (You found it on level 2 of the Depths)
 42505 | Depths:2 | Got a fine ring mail
 42516 | Depths:2 | Identified the cursed +0 ring mail of Classification {*Contam rElec Stlth+} (You found it on level 2 of the Depths)
 42525 | Depths:2 | Gained mutation: You tend to lose your temper in combat. [mutagenic glow]
 42574 | Depths:2 | Lost mutation: You tend to lose your temper in combat. [potion of mutation]
 42574 | Depths:2 | Gained mutation: You are partially covered in molten scales. (AC +2) [potion of mutation]
 42574 | Depths:2 | Gained mutation: You are agile. (Dex +2) [potion of mutation]
 42574 | Depths:2 | Gained mutation: You are very agile. (Dex +4) [potion of mutation]
 42606 | Depths:2 | Got a steaming lapis lazuli ring
 42610 | Depths:2 | Identified the ring of Lieppes {Fire rN+ MR+} (You acquired it on level 2 of the Depths)
 42864 | Depths:2 | Noticed a golden dragon
 42880 | Depths:2 | Killed a golden dragon
 43490 | Orc:2    | Bought a scroll of enchant armour for 127 gold pieces
 44733 | Depths:3 | Found a one-way gate to the infinite horrors of the Abyss.
 44862 | Depths:3 | Found a runed door.
 45155 | Depths:3 | Noticed an ancient lich
 45167 | Depths:3 | Killed an ancient lich
 45214 | Depths:3 | Identified the Compendium of Snow and Feathers
 45223 | Depths:3 | Identified the amulet of Hec Rink {+Rage +Inv rPois MR++} (You found it on level 3 of the Depths)
 45636 | Orc:2    | Bought a runed demon whip for 594 gold pieces
 46317 | Depths:3 | Reached XP level 23. HP: 224/224 MP: 33/33
 46455 | Depths:4 | Noticed Jory
 46495 | Depths:4 | Killed Jory
 46495 | Depths:4 | Reached skill level 15 in Armour
 46522 | Depths:4 | Found Couheg's Book Emporium.
 46549 | Depths:4 | Reached skill level 22 in Invocations
 46592 | Depths:4 | Found Leib's Magic Scroll Emporium.
 46602 | Depths:4 | Bought a scroll of enchant armour for 150 gold pieces
 46602 | Depths:4 | Bought a scroll of identify for 40 gold pieces
 46602 | Depths:4 | Bought a scroll of identify for 40 gold pieces
 46602 | Depths:4 | Bought a scroll of identify for 40 gold pieces
 46602 | Depths:4 | Bought a scroll of enchant armour for 150 gold pieces
 46602 | Depths:4 | Bought a scroll of identify for 40 gold pieces
 46605 | Depths:4 | Bought a scroll of identify for 40 gold pieces
 46605 | Depths:4 | Bought a scroll of identify for 40 gold pieces
 46605 | Depths:4 | Bought a scroll of identify for 40 gold pieces
 47079 | Depths:4 | Found a bloodstained altar of Trog.
 47340 | Depths:4 | Identified the Papyrus of Dark Rituals
 47657 | Depths:5 | Entered Level 5 of the Depths
 47893 | Depths:5 | Noticed a caustic shrike
 47894 | Depths:5 | Noticed a caustic shrike
 47897 | Depths:5 | Noticed a caustic shrike
 47898 | Depths:5 | Noticed a caustic shrike
 47909 | Depths:5 | Killed a caustic shrike
 47922 | Depths:5 | Killed a caustic shrike
 47932 | Depths:5 | Killed a caustic shrike
 47934 | Depths:5 | Killed a caustic shrike
 48366 | Depths:5 | Noticed the Enchantress
 48374 | Depths:5 | Killed the Enchantress
 48496 | Depths:5 | Got faerie dragon scales
 48524 | Depths:5 | Identified the +3 faerie dragon scales {rCorr Str+4 Dex+5} (You took it off the Enchantress on level 5 of the Depths)
 48762 | Depths:5 | Found a gate to the Realm of Zot.
 48965 | Depths:4 | Noticed Boris
 48978 | Depths:4 | Killed Boris
 49261 | Vaults:5 | Entered Level 5 of the Vaults
 49284 | Vaults:4 | Reached XP level 24. HP: 236/236 MP: 34/34
 49782 | Vaults:5 | Got a pair of dazzling boots
 49793 | Vaults:5 | Identified the +2 pair of boots of Bolamom {MP+9 Str+3} (You found it on level 5 of the Vaults)
 49806 | Vaults:5 | Identified the Catalogue of the Assistive Snowflakes
 49944 | Vaults:5 | Identified the +7 chain mail of the Seven Moons {MR+} (You found it on level 5 of the Vaults)
 50137 | Vaults:5 | Identified Sif Muna's Reference Book on Boosting Execration
 50140 | Vaults:5 | Got a silver rune of Zot
 50155 | Vaults:5 | Reached skill level 23 in Invocations
 50161 | Vaults:5 | Got a scorched whip
 50332 | Vaults:5 | Reached skill level 15 in Dodging
 50718 | Vaults:5 | Got a pitted halberd {protect}
 50733 | Vaults:5 | Noticed an ancient lich
 50749 | Vaults:5 | Killed an ancient lich
 50765 | Vaults:5 | Got a twitching brass amulet
 51111 | Vaults:5 | Reached XP level 25. HP: 246/246 MP: 34/34
 51303 | Vaults:5 | Identified the amulet "Urytufe" {Regen+ Dex+4} (You found it on level 5 of the Vaults)
 52863 | Zot:1    | Entered Level 1 of the Realm of Zot
 52896 | Zot:1    | Reached skill level 1 in Earth Magic
 53195 | Depths:2 | Reached skill level 1 in Transmutations
 53412 | Zot:1    | Reached skill level 1 in Summonings
 53640 | Zot:1    | Paralysed by you for 7 turns
 53769 | Zot:1    | Paralysed by you for 7 turns
 53780 | Zot:1    | Identified Veef's Disquisition on Transmutation and Black Arts
 53782 | Zot:1    | Identified the ring of Compassion {+Inv Str+3 Stlth+} (You found it on level 1 of the Realm of Zot)
 54432 | Zot:1    | Reached skill level 5 in Earth Magic
 54937 | Zot:2    | Reached skill level 5 in Transmutations
 55008 | Zot:2    | Reached skill level 5 in Summonings
 56034 | Zot:3    | Reached skill level 24 in Invocations
 56160 | Zot:3    | Reached XP level 26. HP: 255/255 MP: 35/35
 56206 | Zot:3    | Reached skill level 10 in Earth Magic
 56458 | Zot:3    | Found a glowing golden altar of the Shining One.
 57757 | Zot:5    | Entered Level 5 of the Realm of Zot
 59165 | Zot:5    | Noticed an ancient lich
 59183 | Zot:5    | Noticed an orb of fire
 59234 | Zot:5    | Lost mutation: You are very agile. (Dex +4) [an orb of fire]
 59252 | Zot:5    | Killed an orb of fire
 59456 | Zot:5    | Noticed an ancient lich
 59482 | Zot:5    | Killed an ancient lich
 59711 | Zot:5    | Noticed an orb of fire
 59828 | Zot:5    | Gained mutation: Your movements are slightly less encumbered by armour. (ER -2) [an orb of fire]
 59848 | Zot:5    | Killed an orb of fire
 59848 | Zot:5    | Reached XP level 27. HP: 268/268 MP: 35/35
 60238 | Zot:5    | Killed an ancient lich
 60426 | Zot:5    | Noticed an ancient lich
 60433 | Zot:5    | Killed an ancient lich
 60440 | Zot:5    | Noticed an orb of fire
 60447 | Zot:5    | Gained mutation: Your magical capacity is low. (-10% MP) [an orb of fire]
 60462 | Zot:5    | Gained mutation: Armour fits poorly on your strangely shaped body. [an orb of fire]
 60464 | Zot:5    | Killed an orb of fire
 60807 | Zot:5    | Lost mutation: You are agile. (Dex +2) [potion of mutation]
 60807 | Zot:5    | Lost mutation: Your movements are slightly less encumbered by armour. (ER -2) [potion of mutation]
 60807 | Zot:5    | Lost mutation: Armour fits poorly on your strangely shaped body. [potion of mutation]
 60807 | Zot:5    | Lost mutation: Your magical capacity is low. (-10% MP) [potion of mutation]
 60807 | Zot:5    | Gained mutation: You are resistant to electric shocks. (rElec) [potion of mutation]
 60807 | Zot:5    | Gained mutation: You have a pair of small horns on your head. [potion of mutation]
 60807 | Zot:5    | Gained mutation: You have very sharp teeth. [potion of mutation]
 60814 | Zot:5    | Got the Orb of Zot
 60835 | Zot:5    | Noticed a seraph
 60882 | Zot:5    | Noticed an ancient lich
 61516 | D:$      | Escaped with the Orb!

Skill      XL: |  1  2  3  4  5  6  7  8  9 10 11 12 13 14 15 16 17 18 19 20 21 22 23 24 25 26 27 |
---------------+----------------------------------------------------------------------------------+-----
Fighting       | 2 3 4 5 6 7 8 9 10 11 12 13 14 15 16 17 18 20 22 | 22.0
Spellcasting   | 2 4 |  4.0
Axes           | 3 4 5 6 7 8 9 |  9.3
Charms         | 3 |  3.0
Translocations | 1 |  1.0
Evocations     | 2 3 5 8 10 12 13 14 15 | 15.0
Staves         | 2 6 8 9 |  9.2
Hexes          | 2 |  2.0
Invocations    | 5 7 9 10 13 15 16 17 18 19 20 21 22 23 24 | 24.0
Dodging        | 4 6 7 8 9 10 12 13 14 15 | 15.4
Armour         | 4 5 7 9 11 12 13 14 16 18 | 18.5
Maces & Flails | 3 6 8 10 11 13 14 | 14.2
Shields        | 3 4 6 10 12 14 16 17 18 19 20 | 20.2
Earth Magic    | 9 14 | 14.0
Transmutations | 6 8 |  8.0
Summonings     | 6 9 |  9.0

Action                   |  1- 3 |  4- 6 |  7- 9 | 10-12 | 13-15 | 16-18 | 19-21 | 22-24 | 25-27 || total
-------------------------+-------+-------+-------+-------+-------+-------+-------+-------+-------++-------
Melee: Hand axe          |   136 |   252 |    52 |       |       |       |       |       |       ||   440
       Quarterstaff      |       |       |   143 |   174 |       |       |       |       |       ||   317
       Shillelagh        |       |       |       |   327 |  1089 |       |       |       |       ||  1416
       Morningstar       |       |       |       |       |   319 |  2308 |  2749 |  2678 |  1721 ||  9775
       Eveningstar       |       |       |       |       |       |       |       |       |   456 ||   456
       Headbutt          |       |       |       |       |       |       |       |       |     8 ||     8
       Bite              |       |       |       |       |       |       |       |       |     5 ||     5
 Fire: Hunting sling     |       |       |    31 |     5 |       |       |       |       |       ||    36
Throw: Tomahawk          |     4 |    11 |     2 |     5 |       |       |       |       |       ||    22
       Stone             |       |     9 |       |       |       |       |       |       |       ||     9
 Cast: Infusion          |    13 |    22 |    18 |     1 |       |       |       |       |       ||    54
       Shroud of Golubri |    18 |    25 |    44 |    22 |       |       |       |       |       ||   109
       Song of Slaying   |       |     1 |       |     1 |       |       |       |       |       ||     2
       Spectral Weapon   |       |       |    21 |    22 |       |       |       |       |       ||    43
       Apportation       |       |       |       |       |     1 |       |       |       |       ||     1
       Summon Butterflie |       |       |       |       |       |       |       |       |     1 ||     1
       Passwall          |       |       |       |       |       |       |       |       |     4 ||     4
Invok: Lesser Servant of |       |       |       |     9 |     2 |       |       |       |       ||    11
       Minor Destruction |       |       |       |     3 |       |       |       |       |       ||     3
       Greater Servant o |       |       |       |       |       |     4 |     2 |     6 |     1 ||    13
       Major Destruction |       |       |       |       |       |     1 |       |       |       ||     1
 Abil: Heal Wounds       |     2 |     8 |     8 |     7 |       |       |       |       |       ||    25
       Evoke Blink       |       |       |       |     4 |       |       |     2 |     6 |     1 ||    13
       Evoke Flight      |       |       |       |       |     2 |     5 |       |       |       ||     7
Evoke: Wand              |       |     1 |    37 |    47 |    12 |    22 |     8 |    16 |    22 ||   165
       Lightning rod     |       |       |       |     6 |     1 |     4 |     8 |     8 |       ||    27
       Lamp of fire      |       |       |       |       |       |     2 |     4 |     3 |     2 ||    11
       Phial of floods   |       |       |       |       |       |       |       |     1 |       ||     1
  Use: Scroll            |     2 |     5 |     8 |    17 |     7 |     4 |     6 |    29 |    22 ||   100
       Potion            |       |       |       |     2 |       |     1 |     4 |     9 |     7 ||    23
 Stab: Sleeping          |     1 |       |     1 |     3 |       |       |       |       |       ||     5
       Distracted        |       |       |       |     2 |       |     2 |       |     1 |     1 ||     6
       Confused          |       |       |       |       |     1 |     2 |       |       |       ||     3
       Paralysed         |       |       |       |       |       |     6 |       |       |     2 ||     8
  Eat: Chunk             |     4 |     8 |    17 |    22 |    48 |    32 |    17 |    14 |     4 ||   166
       Ration            |       |     1 |     2 |     1 |       |       |     2 |     7 |    13 ||    26
Armor: Leather armour    |    14 |       |    23 |    51 |       |       |       |       |       ||    88
       Ring mail         |    29 |    84 |    25 |       |       |       |       |       |       ||   138
       Plate armour      |       |       |       |   119 |   493 |   674 |   504 |    63 |       ||  1853
       Gold dragon scale |       |       |       |       |       |       |       |   542 |   654 ||  1196
Dodge: Dodged            |    95 |   160 |   112 |   185 |   217 |   318 |   449 |   565 |   589 ||  2690
Block: Buckler           |       |       |       |    68 |   118 |       |       |       |       ||   186
       Large shield      |       |       |       |       |   814 |  2787 |  3315 |  3768 |  3253 || 13937
       Reflection        |       |       |       |       |       |       |   135 |    77 |    39 ||   251
